 Dungeon Crawl Stone Soup version 0.27-a0-797-g27d10ad80f (webtiles) character file.

Game seed: 16346840626836880044

379 sahdkjhfkaj the Covered (level 6, -6/39 HPs)
             Began as a Mummy Wanderer on Mar 27, 2021.
             Was a Follower of Hepliaklqana.
             Mangled by an ogre
             ... wielding a +0 giant club
              (15 damage)
             ... on level 4 of the Dungeon.
             The game lasted 00:04:58 (3961 turns).

sahdkjhfkaj the Covered (Mummy Wanderer)            Turns: 3961, Time: 00:04:58

Health: -6/39      AC:  8    Str: 16    XL:     6   Next: 45%
Magic:  9/9        EV:  9    Int: 12    God:    Hepliaklqana [*.....]
Gold:   122        SH:  0    Dex: 12    Spells: 8/9 levels left

rFire    + . .     SeeInvis .   b - +0 hand axe (venom)
rCold    + . .     Faith    .   (no shield)
rNeg     + + +     Spirit   .   d - +0 scale mail
rPois    ∞         Reflect  .   (no helmet)
rElec    .         Harm     .   (no cloak)
rCorr    .         Rampage  .   e - +0 pair of gloves
Will     .....                  (no boots)
Stlth    ..........             m - amulet of regeneration
HPRegen  1.13/turn              k - ring of protection from fire
MPRegen  0.11/turn              n - ring of protection from fire

@: no status effects
A: reduced essence, cold resistance 1, negative energy resistance 3, torment
resistance 2, unbreathing 1, heat vulnerability 1, no potions
a: Renounce Religion, Recall Ancestor, Ancestor Identity


You were on level 4 of the Dungeon.
You worshipped Hepliaklqana.
Hepliaklqana was aware of your devotion.
You visited 1 branch of the dungeon, and saw 4 of its levels.

You collected 122 gold pieces.

Inventory:

Hand Weapons
 a - a +1 spear
 b - a +0 hand axe of venom (weapon)
Armour
 d - a +0 scale mail (worn)
 e - a +0 pair of gloves (worn)
Jewellery
 k - a ring of protection from fire (left hand)
 m - an amulet of regeneration (around neck)
 n - a ring of protection from fire (right hand)
Scrolls
 c - a scroll of teleportation
 f - 2 scrolls of noise
 g - a scroll of magic mapping
 h - a scroll of vulnerability
 i - a scroll of enchant armour
 j - a scroll of amnesia {unknown}
 l - a scroll of blinking {unknown}


   Skills:
 - Level 2.1 Fighting
 + Level 1.6(1.8) Axes
 - Level 1.0(1.4) Polearms
 - Level 3.7 Armour
 - Level 1.0 Dodging
 - Level 1.5 Unarmed Combat
 - Level 2.3 Spellcasting
 - Level 1.3 Conjurations
 - Level 1.7 Hexes
 - Level 1.5 Ice Magic
 - Level 1.5 Evocations


You had 8 spell levels left.
You knew the following spells:

 Your Spells              Type           Power      Damage    Failure   Level
a - Magic Dart            Conj           16%        1d3       45%         1

Your spell library contained the following spells:

 Spells                   Type           Power      Damage    Failure   Level
 Slow                     Hex            5%         N/A       54%         2
 Pain                     Necr           4%         1d4       65%         1
 Blink                    Tloc           N/A        N/A       80%         2
 Call Imp                 Summ           1%         N/A       80%         2
 Conjure Flame            Conj/Fire      3%         6-21      90%         3
 Mephitic Cloud           Conj/Pois/Air  2%         N/A       92%         3
 Vampiric Draining        Necr           0%         2d6       95%         3


Dungeon Overview and Level Annotations

Branches:
Dungeon (4/15)
 Temple: D:4-7

Altars:
Dithmenos
Fedhas
Hepliaklqana
Nemelex Xobeh
Ru
Xom


Innate Abilities, Weirdness & Mutations

Your life essence is reduced to manifest your ancestor. (-10% HP)
You are immune to poison.
Your flesh is cold resistant. (rC+)
You are immune to negative energy. (rN+++)
You are immune to unholy pain and torment.
You can survive without breathing.
You are vulnerable to heat. (rF-)
You do not drink.


Message History

The centaur kicks you but does no damage.
You hit the centaur.
The centaur looks as sick as possible!
The centaur is moderately wounded.
The ogre misses Vusi.
The centaur hits you. The centaur barely misses you.
The centaur hits you but does no damage.
The centaur barely misses you.
You hit the centaur.
The centaur looks as sick as possible!
The centaur is severely wounded.
You hit the ogre.
Vusi hits the centaur.
The centaur misses you. The centaur barely misses you.
The ogre hits you with a +0 giant club!!
Vusi hits the centaur.
The centaur completely misses you.
The centaur kicks you but does no damage.
You are too injured to fight recklessly!
You are too injured to fight recklessly!
You are too injured to fight recklessly!
You are too injured to fight recklessly!
You are too injured to fight recklessly!
You are too injured to fight recklessly!
You are too injured to fight recklessly!
You are too injured to fight recklessly!
You are too injured to fight recklessly!
You are too injured to fight recklessly!
You are too injured to fight recklessly!
You are too injured to fight recklessly!
You are too injured to fight recklessly!
You are too injured to fight recklessly!
You are too injured to fight recklessly!
You are too injured to fight recklessly!
You slash the ogre!
The ogre is poisoned.
The ogre is moderately wounded.
You hit the centaur but do no damage.
The centaur looks as sick as possible!
You kill the centaur!
The ogre hits you with a +0 giant club!
* * * LOW HITPOINT WARNING * * *
Vusi hits the ogre.
Your Axes skill increases to level 1!
Unknown command.
Vusi hits the ogre.
The ogre hits you with a +0 giant club!
You die...

### ###≈≈##
≈≈≈≈...####
≈≈.....#.#######
###..............
................
)...>..)R.....#
.......@O..#
.......##.##
########..# ##.##
#.## .. ##.#
#.#######.##
#.........##
......
#..........###
......


You could see the friendly Vusi the ancestor and an ogre (very poisoned, ally
target).

Vanquished Creatures
  A centaur (D:4)
  3 adders
  2 worms (D:2)
  4 dart slugs
  An orc (D:4)
  13 endoplasms
  3 giant cockroaches
  9 goblins
  2 hobgoblins
  10 jackals
  2 quokkas
  9 ball pythons
  6 bats
  2 frilled lizards (D:1)
  4 kobolds
  8 rats
79 creatures vanquished.

Vanquished Creatures (collateral kills)
  A black bear (D:4)
  A scorpion (D:4)
  A centaur skeleton (D:4)
  2 worms (D:3)
  A kobold (D:4)
  A frilled lizard (D:3)
7 creatures vanquished.

Grand Total: 86 creatures vanquished

Notes
Turn   | Place    | Note
-------+----------+-------------------------------------------
     0 | D:1      | sahdkjhfkaj the Mummy Wanderer began the quest for the Orb.
     0 | D:1      | sahdkjhfkaj set off with the following items: a +0 club, a
                  | scroll of teleportation, a +0 robe; and the following
                  | spells available to memorise: Slow, Magic Dart, Pain,
                  | Blink, Call Imp, Conjure Flame, Mephitic Cloud, Vampiric
                  | Draining
     0 | D:1      | Reached XP level 1. HP: 15/15 MP: 2/2
    22 | D:1      | Learned a level 1 spell: Magic Dart
   244 | D:1      | Reached XP level 2. HP: 16/21 MP: 0/5
   458 | D:1      | Reached skill level 1 in Conjurations
  1361 | D:1      | Reached XP level 3. HP: 22/26 MP: 6/6
  1860 | D:2      | Found a shadowy altar of Dithmenos.
  2420 | D:2      | Reached XP level 4. HP: 33/33 MP: 7/7
  2594 | D:2      | Reached skill level 1 in Armour
  2922 | D:3      | Found a hazy altar of Hepliaklqana.
  2933 | D:3      | Became a worshipper of Hepliaklqana the Forgotten
  3295 | D:3      | Found an ancient bone altar of Kikubaaqudgha.
  3297 | D:3      | Found a shimmering altar of Xom.
  3297 | D:3      | Found a broken altar of Ashenzari.
  3309 | D:3      | Reached skill level 2 in Armour
  3311 | D:3      | Found a blossoming altar of Fedhas.
  3311 | D:3      | Found a shadowy altar of Dithmenos.
  3311 | D:3      | Found a sacrificial altar of Ru.
  3549 | D:4      | Noticed a black bear
  3560 | D:4      | Killed a black bear
  3561 | D:4      | Reached skill level 3 in Armour
  3561 | D:4      | Reached XP level 5. HP: 17/34 MP: 8/8
  3728 | D:4      | Reached skill level 1 in Dodging
  3728 | D:4      | Reached XP level 6. HP: 39/39 MP: 9/9
  3743 | D:4      | Reached * piety under Hepliaklqana
  3744 | D:4      | Found a sparkling altar of Nemelex Xobeh.
  3804 | D:4      | Reached skill level 1 in Polearms
  3961 | D:4      | Reached skill level 1 in Axes
  3961 | D:4      | Mangled by an ogre

Illustrated notes

Levels and vault maps discovered:
D:1:      amcnicky_arrival_gap_in_the_tavern_cellar, layout_basic
D:2:      layout_basic, lemuel_crystal_altar
D:3:      layout_rooms, nicolae_overflow_crystal_walls, corexii_corridor_pit,
          doesnt_xom_only_xom
D:4:      layout_cave_pods, nemelex_xobeh_ov_fountains_minmay,
          cheibrodos_sewer_entry_bend

Skill      XL: |  1  2  3  4  5  6 |
---------------+-------------------+-----
Spellcasting   | 2 |  2.3
Conjurations   | 1 |  1.3
Armour         | 3 |  3.7
Dodging        | 1 |  1.0
Polearms       | 1 |  1.0
Fighting       | 2 |  2.1
Axes           | 1 |  1.6
Unarmed Combat | |  1.5
Hexes          | |  1.7
Ice Magic      | |  1.5
Evocations     | |  1.5

Action                   |  1- 3 |  4- 6 || total
-------------------------+-------+-------++-------
Melee: Club              |    19 |       ||    19
       Spear             |   131 |   104 ||   235
       Punch             |       |     1 ||     1
       Hand axe          |       |    24 ||    24
 Cast: Magic Dart        |    29 |       ||    29
Invok: Ancestor Identity |       |     1 ||     1
  Use: Scroll            |     1 |     7 ||     8
Armor: Robe              |     5 |       ||     5
       Scale mail        |    44 |    86 ||   130
       Ring mail         |     1 |       ||     1
Dodge: Dodged            |    69 |    74 ||   143

Table legend: (Time is in decaauts)
 A = Elapsed time spent in this place.
 B = Non-inter-level travel time spent in this place.
 C = Inter-level travel time spent in this place.
 D = Time resting spent in this place.
 E = Time spent auto-exploring this place.
 F = Levels seen in this place.
 G = Mean time per level.
                   A        B        C        D        E       F      G
               +--------+--------+--------+--------+--------+-----+--------+
         Total |   3990 |   3778 |    212 |    239 |   2886 |   4 |  997.5 |
       Dungeon |   3990 |   3778 |    212 |    239 |   2886 |   4 |  997.5 |
               +--------+--------+--------+--------+--------+-----+--------+

Top non-repeatable levels by time:
     D:1: 1697 daAuts
     D:2: 1061 daAuts
     D:3: 637 daAuts
     D:4: 592 daAuts
